 Dungeon Crawl Stone Soup version 0.30-a0-169-g06f667207d (webtiles) character file.

Game seed: 10057587809710032552

266 Decritt the Trooper (level 6, -1/49 HPs)
             Began as a Djinni Conjurer on Sept 30, 2022.
             Slain by Edmund
             ... wielding a +3 dire flail of protection
              (13 damage)
             ... on level 4 of the Dungeon.
             The game lasted 00:06:17 (3672 turns).

Decritt the Trooper (Djinni Conjurer)               Turns: 3672, Time: 00:06:18

Health: -1/49      AC:  3    Str:  6    XL:     6   Next: 44%
Gold:   121        EV: 12    Int: 21    God:
                   SH:  0    Dex: 12

rFire   + . .      SeeInvis .    r - +2 quarterstaff (chaos)
rCold   + . .      Faith    .    (shield currently unavailable)
rNeg    . . .      Spirit   .    a - +0 robe
rPois   ∞          Reflect  .    (no helmet)
rElec   .          Harm     .    l - +0 cloak
rCorr   .          Rampage  .    (no gloves)
Will    .....                    (boots unavailable)
Stlth   ++........               (no amulet)
HPRegen 0.16/turn                f - ring of protection from cold
MPRegen 0.00/turn                j - ring of ice

@: flying
A: sickness immunity, fire resistance 2, cold vulnerability 1, float, innate
caster, HP casting, extra vitality 1
a: no special abilities


You were on level 4 of the Dungeon.
You visited 1 branch of the dungeon, and saw 4 of its levels.

You collected 121 gold pieces.

Inventory:

Hand Weapons
 n - a +3 dagger
 r - a +2 quarterstaff of chaos (weapon)
Armour
 a - a +0 robe (worn)
 l - a +0 cloak (worn)
Jewellery
 c - a ring of positive energy
 f - a ring of protection from cold (left hand)
 j - a ring of ice (right hand)
 p - a ring of positive energy
Wands
 t - a wand of mindburst (7)
 w - a wand of charming (8)
Scrolls
 e - 2 scrolls of fog {unknown}
 i - a scroll of torment {unknown}
 q - a scroll of enchant armour {unknown}
 u - a scroll of fear {unknown}
 x - a scroll of magic mapping {unknown}
 y - a scroll of teleportation {unknown}
Potions
 b - a potion of brilliance {unknown}
 d - a potion of lignification
 g - a potion of mutation
 h - a potion of haste
 k - 2 potions of curing
 m - 2 potions of attraction
 o - a potion of berserk rage {unknown}
 s - a potion of heal wounds {unknown}
 v - a potion of flight {unknown}


   Skills:
 * Level 4.8 Fighting
 - Level 2.1 Dodging
 - Level 1.5 Stealth
 + Level 4.1 Spellcasting


You couldn't memorise any spells.
You knew the following spells:

 Your Spells              Type           Power      Damage    Failure   Level
a - Magic Dart            Conj           88%        1d7       2%          1
b - Searing Ray           Conj           44%        2d6       3%          2
c - Scorch                Fire           44%        2d7       3%          2
d - Fulminant Prism       Conj/Hex       11%        3d9       22%         4
e - Iskenderun's Mystic   Conj/Tloc      22%        2d6       22%         4
f - Sting                 Tmut/Pois      88%        1d7       2%          1
g - Dazzling Flash        Conj/Hex       44%        N/A       6%          3
Your spell library was empty.

Dungeon Overview and Level Annotations

Branches:
Dungeon (4/15)
 Temple: D:4-7

Altars:

Annotations:
D:4 Edmund


Innate Abilities, Weirdness & Mutations

You are immune to sickness and miasma.
You are immune to poison.
Your flesh is very heat resistant. (rF++)
You are vulnerable to cold. (rC-)
You float through the air rather than walking.
You learn spells naturally, not from books.
Your magical power is your life essence.
You have superior vitality. (+4 MHP)


Message History

Confirm with . or Enter, or press ? or * to list all spells.
Aiming: Searing Ray (safe; 3% risk of failure)
Press: ? - help, Shift-Dir - straight line, f/p - orc
Aim: an orc, wielding a +0 dagger and wearing a +0 leather armour (heavily wounded, 78% to hit)
The searing ray hits the orc.
You kill the orc! (Press . to maintain the ray.)
The searing ray hits the jelly.
The jelly is moderately wounded.
The searing ray hits the jelly!
The jelly is severely wounded.
Casting: Searing Ray (safe; 3% risk of failure)
Confirm with . or Enter, or press ? or * to list all spells.
Flames lash the jelly.
You kill the jelly!
Casting: Scorch (safe; 3% risk of failure)
Confirm with . or Enter, or press ? or * to list all spells.
Flames lash Edmund.
Edmund is moderately wounded.
Edmund's fire resistance burns away.
Edmund hits you with a +3 dire flail of protection!
* * * LOW HITPOINT WARNING * * *
Edmund hits you with a +3 dire flail of protection.
* * * LOW HITPOINT WARNING * * *
Things that are here:
a +0 dagger; a +0 leather armour; an orc corpse You see here a worm corpse.
Casting: Scorch (safe; 3% risk of failure)
Confirm with . or Enter, or press ? or * to list all spells.
Flames lash Edmund.
Edmund is moderately wounded.
* * * LOW HITPOINT WARNING * * *
Edmund misses you.
Casting: Scorch (safe; 3% risk of failure)
Confirm with . or Enter, or press ? or * to list all spells.
Flames lash Edmund.
Edmund is burned terribly!
Edmund is moderately wounded.
* * * LOW HITPOINT WARNING * * *
Edmund hits you with a +3 dire flail of protection!
You die...

## # .# #. .#
#####.####.###
#.......@@...#
####.####..##...#
#.......##..#...######
#####.#####..............#
......# #.####..†.......
#####.# #.####....###... #
#.#####...#?....# ..
#.##≈≈≈≈~~####$.###..#
...####...####........


You could see Edmund (combustible).

Vanquished Creatures
  A jelly (D:4)
  Crazy Yiuf (D:3)
  Jessica (D:3)
  Ijyb (D:3)
  7 adders (D:2)
  A shadow imp (D:3)
  2 worms
  A dart slug (D:1)
  3 orcs
  7 endoplasms
  6 giant cockroaches
  7 goblins
  8 hobgoblins
  8 kobolds
  2 quokkas
  5 ball pythons
  5 bats
  4 frilled lizards
  4 rats
74 creatures vanquished.

Notes
Turn   | Place    | Note
-------+----------+-------------------------------------------
     0 | D:1      | Decritt the Djinni Conjurer began the quest for the Orb.
     0 | D:1      | Decritt set off with the following spells memorised: Magic
                  | Dart, Searing Ray, Dazzling Flash, Fulminant Prism,
                  | Iskenderun's Mystic Blast.
     0 | D:1      | Reached XP level 1. HP: 15/15 MP: 0/0
   106 | D:1      | Reached skill level 1 in Fighting
   322 | D:1      | Reached XP level 2. HP: 21/22 MP: 0/0
   875 | D:1      | Reached XP level 3. HP: 27/28 MP: 0/0
   875 | D:1      | Learned a level 1 spell: Sting
  1570 | D:2      | Reached XP level 4. HP: 31/34 MP: 0/0
  2060 | D:2      | Reached XP level 5. HP: 37/40 MP: 0/0
  2060 | D:2      | Learned a level 2 spell: Scorch
  2558 | D:3      | Noticed Ijyb
  2563 | D:3      | Killed Ijyb
  2765 | D:3      | Found a faded altar of an unknown god.
  2787 | D:3      | Found a runed translucent door.
  2788 | D:3      | Noticed Crazy Yiuf
  2794 | D:3      | Killed Crazy Yiuf
  2795 | D:3      | Reached XP level 6. HP: 7/47 MP: 0/0
  3296 | D:3      | Noticed Jessica
  3299 | D:3      | Killed Jessica
  3650 | D:4      | Noticed Edmund
  3672 | D:4      | Slain by Edmund

Illustrated notes

Levels and vault maps discovered:
D:1:      ncdulo_wetmaze, layout_basic
D:2:      minmay_recursive_quarters, layout_rooms
D:3:      layout_loops_ring, chequers_ecumenical_altar_island,
          uniq_crazy_yiuf_cottage, uniq_jessica, uniq_ijyb
D:4:      layout_loops_ring, serial_rivers, chequers_serial_rivers_micro_b,
          chequers_serial_rivers_micro_e, chequers_serial_rivers_room_b,
          chequers_serial_rivers_marsh, minmay_misc_feat_hallway,
          minmay_bisected, uniq_edmund, uniq_robin

Skill      XL: |  1  2  3  4  5 |
---------------+----------------+-----
Fighting       | 1 2 3 4 |  4.8
Spellcasting   | 4 |  4.1
Dodging        | |  2.1
Stealth        | |  1.5

Action                   |  1- 3 |  4- 6 || total
-------------------------+-------+-------++-------
Melee: Unarmed           |     6 |       ||     6
       Dagger            |       |     5 ||     5
 Cast: Magic Dart        |    66 |    56 ||   122
       Scorch            |       |    24 ||    24
       Sting             |       |     7 ||     7
       Searing Ray       |       |     2 ||     2
  Use: Scroll            |       |     8 ||     8
Armor: Robe              |     2 |       ||     2
Dodge: Dodged            |    11 |    13 ||    24

Table legend: (Time is in decaauts)
 A = Elapsed time spent in this place.
 B = Non-inter-level travel time spent in this place.
 C = Inter-level travel time spent in this place.
 D = Time resting spent in this place.
 E = Time spent auto-exploring this place.
 F = Levels seen in this place.
 G = Mean time per level.
                   A        B        C        D        E       F      G
               +--------+--------+--------+--------+--------+-----+--------+
         Total |   3669 |   3580 |     89 |    208 |   2981 |   4 |  917.2 |
       Dungeon |   3669 |   3580 |     89 |    208 |   2981 |   4 |  917.2 |
               +--------+--------+--------+--------+--------+-----+--------+

Top non-repeatable levels by time:
     D:1: 1204 daAuts
     D:2: 1181 daAuts
     D:3: 1102 daAuts
     D:4: 181 daAuts
